3452 views
Uploaded 2020-05-23 11:46:21
Game version 1.32.4 / 1.32.5
21:15 long 4on4 ladder game on (8)Deadlock_LV
Saved by Brunt
3452 views
Uploaded 2020-05-23 11:46:21
Game version 1.32.4 / 1.32.5
21:15 long 4on4 ladder game on (8)Deadlock_LV


154 units @ 22.2k
/ 2.9k
72 buildings @ 11.5k
/ 4.6k



| Rod of Necromancy | 3 | 450 |
| Sacrificial Skull | 1 | 50 |
| Orb of Corruption | 1 | 375 |
| Scroll of Town Portal | 3 | 1050 |
| Healing Salve | 1 | 100 |
| total: | 9 | 2025g |
| Acolyte | 3 | 225 | / | 0 |
| Ghoul | 2 | 240 | / | 0 |
| Crypt Fiend | 9 | 1935 | / | 360 |
| Obsidian Statue | 3 | 600 | / | 105 |
| Abomination | 1 | 240 | / | 70 |
| total: | 18 | 3240g | / | 535w |
| Graveyard | 2 | 430 | / | 0 |
| Crypt | 1 | 200 | / | 50 |
| Altar of Darkness | 1 | 180 | / | 50 |
| Ziggurat | 7 | 1050 | / | 350 |
| Tomb of Relics | 2 | 260 | / | 60 |
| Necropolis | 2 | 450 | / | 0 |
| Slaughterhouse | 1 | 140 | / | 135 |
| Temple of the Damned | 1 | 155 | / | 140 |
| Halls of the Dead | 1 | 320 | / | 210 |
| Black Citadel | 2 | 650 | / | 460 |
| total: | 17 | 2865g | / | 785w |
| 0:03 | Acolyte |
| 0:09 | Graveyard |
| 0:13 | Crypt |
| 0:24 | Acolyte |
| 0:43 | Altar of Darkness |
| 1:00 | Ziggurat |
| 1:21 | Ghoul |
| 1:48 | Tomb of Relics |
| 2:02 | Crypt Fiend |
| 2:17 | Ziggurat |
| 2:32 | Crypt Fiend |
| 2:55 | Rod of Necromancy |
| 3:09 | Death Coil |
| 3:26 | Crypt Fiend |
| 4:01 | Halls of the Dead |
| 4:02 | Ghoul |
| 4:14 | Unholy Aura |
| 4:23 | Ziggurat |
| 4:29 | Ziggurat |
| 4:42 | Crypt Fiend |
| 4:48 | Rod of Necromancy |
| 4:48 | Sacrificial Skull |
| 5:42 | Death Coil |
| 6:04 | Crypt Fiend |
| 6:06 | Ziggurat |
| 6:54 | Black Citadel |
| 6:56 | Slaughterhouse |
| 7:41 | Burrow |
| 7:50 | Rod of Necromancy |
| 7:52 | Scroll of Town Portal |
| 7:55 | Frost Nova |
| 8:40 | Crypt Fiend |
| 8:41 | Obsidian Statue |
| 8:41 | Obsidian Statue |
| 10:03 | Crypt Fiend |
| 10:09 | Orb of Corruption |
| 10:33 | Web |
| 10:55 | Scroll of Town Portal |
| 11:02 | Impale |
| 11:10 | Destroyer Form |
| 11:24 | Crypt Fiend |
| 12:04 | Frost Armor |
| 12:13 | Obsidian Statue |
| 12:17 | Unholy Aura |
| 12:23 | Ziggurat |
| 12:48 | Spiked Carapace |
| 12:55 | Tomb of Relics |
| 12:56 | Graveyard |
| 12:57 | Temple of the Damned |
| 13:20 | Creature Attack |
| 13:38 | Disease Cloud |
| 14:34 | Abomination |
| 14:35 | Crypt Fiend |
| 14:45 | Ziggurat |
| 14:46 | Acolyte |
| 16:44 | Necropolis |
| 17:23 | Frost Nova |
| 17:36 | Necropolis |
| 19:02 | Death Coil |
| 19:38 | Healing Salve |
| 19:54 | Scroll of Town Portal |
| 20:24 | Spiked Carapace |
| Right click | 1494 |
| Select group | 642 |
| Select | 598 |
| Build/train/purchase | 101 |
| Misc. action | 91 |
| Use ability | 59 |
| Assign group | 48 |
| Chat | 10 |
| Item give/drop | 6 |


| Scroll of Regeneration | 2 | 200 |
| total: | 2 | 200g |
| Peasant | 35 | 2625 | / | 0 |
| Footman | 9 | 1215 | / | 0 |
| Rifleman | 12 | 2460 | / | 360 |
| total: | 56 | 6300g | / | 360w |
| Scout Tower | 6 | 180 | / | 120 |
| Arcane Tower | 3 | 210 | / | 150 |
| Guard Tower | 2 | 140 | / | 100 |
| Altar of Kings | 1 | 180 | / | 50 |
| Farm | 7 | 560 | / | 140 |
| Barracks | 2 | 320 | / | 120 |
| Town Hall | 4 | 1540 | / | 820 |
| Blacksmith | 1 | 140 | / | 60 |
| Arcane Vault | 2 | 260 | / | 60 |
| Lumber Mill | 1 | 120 | / | 0 |
| Keep | 2 | 640 | / | 420 |
| Castle | 1 | 360 | / | 210 |
| total: | 24 | 3300g | / | 1370w |
| 0:01 | Peasant |
| 0:05 | Altar of Kings |
| 0:11 | Peasant |
| 0:18 | Farm |
| 0:20 | Barracks |
| 0:22 | Peasant |
| 0:34 | Peasant |
| 0:48 | Farm |
| 0:54 | Peasant |
| 1:04 | Peasant |
| 1:22 | Footman |
| 1:32 | Farm |
| 1:34 | Peasant |
| 1:45 | Footman |
| 1:49 | Peasant |
| 2:04 | Footman |
| 2:07 | Summon Water Elemental |
| 2:15 | Peasant |
| 3:17 | Brilliance Aura |
| 3:19 | Footman |
| 3:44 | Town Hall |
| 3:50 | Scout Tower |
| 3:54 | Peasant |
| 3:54 | Peasant |
| 3:55 | Footman |
| 4:06 | Peasant |
| 4:12 | Blacksmith |
| 4:21 | Arcane Tower |
| 4:50 | Arcane Vault |
| 4:50 | Footman |
| 4:50 | Footman |
| 4:56 | Scout Tower |
| 5:39 | Arcane Tower |
| 5:41 | Peasant |
| 5:41 | Peasant |
| 5:41 | Peasant |
| 5:41 | Peasant |
| 5:43 | Footman |
| 5:44 | Footman |
| 5:54 | Peasant |
| 6:08 | Peasant |
| 6:08 | Peasant |
| 7:26 | Peasant |
| 7:26 | Peasant |
| 7:38 | Rifleman |
| 7:45 | Arcane Vault |
| 8:11 | Peasant |
| 8:11 | Peasant |
| 8:12 | Peasant |
| 8:48 | Rifleman |
| 9:05 | Peasant |
| 9:05 | Peasant |
| 9:13 | Rifleman |
| 9:42 | Keep |
| 10:11 | Summon Water Elemental |
| 10:52 | Town Hall |
| 10:54 | Rifleman |
| 10:54 | Rifleman |
| 11:24 | Scout Tower |
| 11:26 | Scout Tower |
| 11:30 | Scroll of Regeneration |
| 11:40 | Scout Tower |
| 11:46 | Rifleman |
| 12:42 | Farm |
| 12:44 | Arcane Tower |
| 13:02 | Holy Light |
| 13:34 | Rifleman |
| 13:47 | Peasant |
| 13:47 | Peasant |
| 13:47 | Peasant |
| 13:48 | Peasant |
| 14:35 | Farm |
| 14:36 | Farm |
| 14:37 | Farm |
| 15:25 | Town Hall |
| 15:28 | Rifleman |
| 16:15 | Lumber Mill |
| 16:35 | Castle |
| 16:37 | Black Gunpowder |
| 16:37 | Studded Leather Armor |
| 17:01 | Rifleman |
| 17:02 | Long Rifles |
| 17:36 | Scroll of Regeneration |
| 17:41 | Rifleman |
| 17:46 | Rifleman |
| 17:49 | Barracks |
| 17:50 | Guard Tower |
| 17:51 | Guard Tower |
| 18:31 | Town Hall |
| 18:36 | Peasant |
| 18:36 | Peasant |
| 18:36 | Peasant |
| 18:58 | Peasant |
| 19:15 | Peasant |
| 20:27 | Rifleman |
| 20:30 | Keep |
| 20:59 | Scout Tower |
| Right click | 885 |
| Select group | 467 |
| Select | 415 |
| Build/train/purchase | 103 |
| Assign group | 62 |
| Chat | 32 |
| Misc. action | 29 |
| Use ability | 18 |
| Resource trade | 5 |
| Remove unit | 1 |
| Minimap ping | 1 |

| Lesser Clarity Potion | 3 | 210 |
| Healing Salve | 2 | 200 |
| Orb of Lightning | 1 | 375 |
| Potion of Mana | 1 | 200 |
| Scroll of Town Portal | 2 | 700 |
| total: | 9 | 1685g |
| Peon | 14 | 1050 | / | 0 |
| Grunt | 5 | 1000 | / | 0 |
| Shaman | 6 | 780 | / | 120 |
| Tauren | 9 | 2520 | / | 720 |
| Troll Witch Doctor | 1 | 145 | / | 25 |
| Troll Batrider | 11 | 1760 | / | 440 |
| total: | 46 | 7255g | / | 1305w |
| Orc Burrow | 5 | 800 | / | 200 |
| Altar of Storms | 1 | 180 | / | 50 |
| Barracks | 1 | 180 | / | 50 |
| War Mill | 1 | 205 | / | 0 |
| Voodoo Lounge | 1 | 130 | / | 30 |
| Great Hall | 1 | 385 | / | 185 |
| Spirit Lodge | 1 | 150 | / | 150 |
| Tauren Totem | 2 | 270 | / | 310 |
| Beastiary | 2 | 290 | / | 280 |
| Stronghold | 2 | 630 | / | 380 |
| Fortress | 1 | 325 | / | 190 |
| total: | 15 | 2590g | / | 1255w |
| 0:06 | Peon |
| 0:06 | Peon |
| 0:07 | Peon |
| 0:07 | Peon |
| 0:07 | Peon |
| 0:07 | Peon |
| 0:24 | Orc Burrow |
| 0:39 | Altar of Storms |
| 0:56 | Barracks |
| 1:17 | War Mill |
| 1:37 | Voodoo Lounge |
| 1:57 | Peon |
| 2:08 | Orc Burrow |
| 2:11 | Peon |
| 2:12 | Peon |
| 2:15 | Peon |
| 2:45 | Serpent Ward |
| 3:05 | Stronghold |
| 3:21 | Grunt |
| 3:48 | Grunt |
| 3:59 | Orc Burrow |
| 4:02 | Steel Armor |
| 4:04 | Lesser Clarity Potion |
| 4:12 | Healing Salve |
| 4:53 | Grunt |
| 5:28 | Healing Wave |
| 5:42 | Berserker Strength |
| 5:57 | Fortress |
| 5:59 | Spirit Lodge |
| 6:48 | Grunt |
| 6:48 | Grunt |
| 6:55 | Healing Wave |
| 7:12 | Tauren Totem |
| 7:14 | Tauren Totem |
| 7:16 | Steel Melee Weapons |
| 7:18 | Orc Burrow |
| 7:20 | Shaman Adept Training |
| 7:33 | Shaman |
| 8:46 | Shaman Master Training |
| 8:46 | Shaman |
| 8:47 | Shaman |
| 8:50 | Pulverize |
| 8:50 | Tauren |
| 8:51 | Troll Witch Doctor |
| 9:14 | Tauren |
| 10:08 | Orc Burrow |
| 10:24 | Orb of Lightning |
| 10:24 | Scroll of Town Portal |
| 10:28 | Lesser Clarity Potion |
| 11:07 | Great Hall |
| 11:28 | Serpent Ward |
| 11:56 | Tauren |
| 12:22 | Shaman |
| 13:08 | Thorium Armor |
| 13:34 | Lesser Clarity Potion |
| 13:36 | Potion of Mana |
| 13:44 | Peon |
| 13:44 | Peon |
| 13:44 | Peon |
| 13:44 | Peon |
| 14:05 | Tauren |
| 14:05 | Tauren |
| 14:37 | Beastiary |
| 14:41 | Beastiary |
| 14:49 | Healing Salve |
| 15:07 | Scroll of Town Portal |
| 15:31 | Reinforced Defenses |
| 15:32 | Spiked Barricades |
| 15:46 | Troll Batrider |
| 15:46 | Troll Batrider |
| 15:46 | Troll Batrider |
| 15:58 | Troll Batrider |
| 16:59 | Troll Batrider |
| 16:59 | Troll Batrider |
| 17:34 | Troll Batrider |
| 17:35 | Troll Batrider |
| 17:35 | Troll Batrider |
| 17:46 | Healing Wave |
| 18:08 | Troll Batrider |
| 18:08 | Troll Batrider |
| 19:30 | Tauren |
| 19:31 | Tauren |
| 19:31 | Tauren |
| 19:54 | Big Bad Voodoo |
| 20:04 | Tauren |
| 20:08 | Shaman |
| 20:08 | Shaman |
| Select group | 523 |
| Misc. action | 314 |
| Select | 223 |
| Right click | 188 |
| Build/train/purchase | 81 |
| Use ability | 58 |
| Assign group | 49 |
| Chat | 24 |
| Minimap ping | 6 |
| Item give/drop | 2 |
| Remove unit | 2 |


| Healing Salve | 7 | 700 |
| Scroll of Speed | 4 | 200 |
| Lesser Clarity Potion | 2 | 140 |
| Orb of Lightning | 1 | 375 |
| Potion of Healing | 1 | 150 |
| Boots of Speed | 4 | 1000 |
| Circlet of Nobility | 1 | 175 |
| Sobi Mask | 1 | 400 |
| Pendant of Mana | 1 | 600 |
| total: | 22 | 3740g |
| Peon | 15 | 1125 | / | 0 |
| Wind Rider | 13 | 3445 | / | 520 |
| Shaman | 3 | 390 | / | 60 |
| Troll Batrider | 3 | 480 | / | 120 |
| total: | 34 | 5440g | / | 700w |
| Altar of Storms | 1 | 180 | / | 50 |
| Orc Burrow | 8 | 1280 | / | 320 |
| Voodoo Lounge | 1 | 130 | / | 30 |
| War Mill | 1 | 205 | / | 0 |
| Great Hall | 1 | 385 | / | 185 |
| Beastiary | 3 | 435 | / | 420 |
| Spirit Lodge | 1 | 150 | / | 150 |
| Stronghold | 2 | 630 | / | 380 |
| Fortress | 2 | 650 | / | 380 |
| total: | 16 | 2765g | / | 1155w |
| 0:05 | Peon |
| 0:05 | Peon |
| 0:16 | Altar of Storms |
| 0:20 | Orc Burrow |
| 0:27 | Peon |
| 0:27 | Peon |
| 0:45 | Voodoo Lounge |
| 0:52 | Peon |
| 0:52 | Peon |
| 1:10 | Peon |
| 1:36 | Peon |
| 1:51 | Peon |
| 2:20 | Healing Salve |
| 2:24 | Stronghold |
| 2:29 | Wind Walk |
| 2:34 | War Mill |
| 2:37 | Orc Burrow |
| 3:49 | Orc Burrow |
| 4:33 | Boots of Speed |
| 4:33 | Circlet of Nobility |
| 4:49 | Beastiary |
| 4:51 | Beastiary |
| 5:16 | Spirit Lodge |
| 5:17 | Peon |
| 5:17 | Peon |
| 5:46 | Orc Burrow |
| 5:55 | Healing Wave |
| 6:12 | Wind Rider |
| 6:14 | Wind Rider |
| 6:14 | Wind Rider |
| 6:45 | Critical Strike |
| 6:59 | Wind Rider |
| 6:59 | Wind Rider |
| 7:08 | Wind Rider |
| 7:08 | Wind Rider |
| 7:56 | Wind Rider |
| 8:09 | Great Hall |
| 8:17 | Hex |
| 8:29 | Healing Salve |
| 8:30 | Healing Salve |
| 8:30 | Healing Salve |
| 8:30 | Healing Salve |
| 8:31 | Scroll of Speed |
| 8:31 | Scroll of Speed |
| 8:31 | Scroll of Speed |
| 9:34 | Wind Rider |
| 9:39 | Shaman Adept Training |
| 9:41 | Orc Burrow |
| 9:42 | Steel Ranged Weapons |
| 10:13 | Critical Strike |
| 11:13 | Wind Rider |
| 11:15 | Fortress |
| 11:18 | Peon |
| 11:18 | Peon |
| 11:18 | Peon |
| 11:18 | Peon |
| 11:42 | Lesser Clarity Potion |
| 11:45 | Scroll of Speed |
| 11:52 | Healing Salve |
| 11:53 | Healing Salve |
| 11:54 | Lesser Clarity Potion |
| 12:29 | Healing Wave |
| 13:00 | Wind Rider |
| 13:37 | Shaman Master Training |
| 13:38 | Envenomed Spears |
| 14:23 | Shaman |
| 14:23 | Wind Rider |
| 14:29 | Wind Walk |
| 15:17 | Wind Rider |
| 15:36 | Liquid Fire |
| 15:40 | Beastiary |
| 15:43 | Orc Burrow |
| 15:45 | Thorium Ranged Weapons |
| 15:49 | Sobi Mask |
| 15:54 | Pendant of Mana |
| 16:50 | Orc Burrow |
| 17:05 | Orb of Lightning |
| 17:06 | Potion of Healing |
| 17:30 | Boots of Speed |
| 17:30 | Boots of Speed |
| 17:30 | Boots of Speed |
| 18:12 | Troll Batrider |
| 18:33 | Hex |
| 19:13 | Troll Batrider |
| 19:33 | Shaman |
| 19:35 | Orc Burrow |
| 19:38 | Arcanite Ranged Weapons |
| 19:40 | Steel Armor |
| 20:30 | Critical Strike |
| 20:36 | Troll Batrider |
| 20:37 | Shaman |
| Right click | 1504 |
| Select group | 1262 |
| Select | 346 |
| Misc. action | 153 |
| Build/train/purchase | 123 |
| Use ability | 55 |
| Assign group | 38 |
| Minimap ping | 18 |
| Chat | 8 |
| Item give/drop | 5 |
| Esc | 2 |
138 units @ 17.2k
/ 1.9k
74 buildings @ 13.1k
/ 5.9k



| Lesser Clarity Potion | 6 | 420 |
| Potion of Healing | 4 | 600 |
| Potion of Mana | 1 | 200 |
| Healing Salve | 2 | 200 |
| Orb of Lightning | 1 | 375 |
| Tiny Great Hall | 1 | 600 |
| Scroll of Town Portal | 3 | 1050 |
| total: | 18 | 3445g |
| Peon | 16 | 1200 | / | 0 |
| Grunt | 3 | 600 | / | 0 |
| Demolisher | 1 | 220 | / | 50 |
| Troll Batrider | 5 | 800 | / | 200 |
| Wisp | 3 | 180 | / | 0 |
| total: | 28 | 3000g | / | 250w |
| Watch Tower | 6 | 660 | / | 480 |
| Altar of Storms | 1 | 180 | / | 50 |
| Orc Burrow | 5 | 800 | / | 200 |
| Barracks | 3 | 540 | / | 150 |
| Great Hall | 1 | 385 | / | 185 |
| War Mill | 1 | 205 | / | 0 |
| Voodoo Lounge | 1 | 130 | / | 30 |
| Beastiary | 2 | 290 | / | 280 |
| Stronghold | 1 | 315 | / | 190 |
| Fortress | 1 | 325 | / | 190 |
| Altar of Elders | 1 | 180 | / | 50 |
| Ancient of War | 2 | 300 | / | 120 |
| Tree of Life | 1 | 340 | / | 185 |
| total: | 24 | 4010g | / | 1730w |
| 0:05 | Peon |
| 0:05 | Peon |
| 0:08 | Altar of Storms |
| 0:22 | Orc Burrow |
| 0:38 | Barracks |
| 0:40 | Peon |
| 0:57 | Peon |
| 1:33 | Orc Burrow |
| 1:35 | Peon |
| 1:39 | Grunt |
| 1:52 | Peon |
| 1:52 | Peon |
| 2:08 | Peon |
| 2:11 | War Stomp |
| 2:27 | Grunt |
| 2:45 | Peon |
| 3:00 | Grunt |
| 3:01 | Peon |
| 3:01 | Peon |
| 4:03 | Great Hall |
| 4:04 | Endurance Aura |
| 4:07 | Stronghold |
| 5:58 | War Mill |
| 6:01 | Voodoo Lounge |
| 6:33 | Orc Burrow |
| 6:38 | Scroll of Town Portal |
| 6:39 | Lesser Clarity Potion |
| 7:04 | Barracks |
| 7:07 | Barracks |
| 7:21 | Peon |
| 7:21 | Peon |
| 7:22 | Peon |
| 7:22 | Peon |
| 7:22 | Peon |
| 8:04 | Summon Lava Spawn |
| 8:47 | Lesser Clarity Potion |
| 8:48 | Potion of Healing |
| 9:01 | Potion of Healing |
| 9:13 | Demolisher |
| 9:14 | Fortress |
| 10:25 | Watch Tower |
| 10:26 | Watch Tower |
| 10:27 | Watch Tower |
| 10:28 | Watch Tower |
| 10:38 | Lesser Clarity Potion |
| 10:39 | Lesser Clarity Potion |
| 10:42 | Potion of Healing |
| 10:43 | Potion of Mana |
| 11:16 | Scroll of Town Portal |
| 11:16 | Potion of Healing |
| 11:21 | Reinforced Defenses |
| 11:30 | Steel Ranged Weapons |
| 11:44 | Burning Oil |
| 12:38 | Beastiary |
| 12:40 | Beastiary |
| 12:54 | Healing Wave |
| 13:01 | Healing Salve |
| 13:02 | Orb of Lightning |
| 14:12 | Lesser Clarity Potion |
| 14:23 | Troll Batrider |
| 14:46 | Lesser Clarity Potion |
| 15:10 | Orc Burrow |
| 15:11 | Orc Burrow |
| 15:37 | Steel Armor |
| 15:59 | War Stomp |
| 16:07 | Troll Batrider |
| 16:14 | Wisp |
| 16:14 | Wisp |
| 16:14 | Wisp |
| 16:18 | Altar of Elders |
| 16:20 | Ancient of War |
| 16:25 | Troll Batrider |
| 16:54 | Berserker Upgrade |
| 17:09 | Dark Ritual |
| 17:20 | Troll Batrider |
| 17:43 | Watch Tower |
| 17:45 | Watch Tower |
| 18:12 | Soul Burn |
| 18:26 | Scroll of Town Portal |
| 18:26 | Tiny Great Hall |
| 18:27 | Healing Salve |
| 19:33 | Ancient of War |
| 19:36 | Tree of Life |
| 19:58 | Troll Batrider |
| Select group | 901 |
| Right click | 880 |
| Select | 376 |
| Misc. action | 124 |
| Build/train/purchase | 123 |
| Assign group | 41 |
| Resource trade | 35 |
| Use ability | 25 |
| Chat | 4 |
| Item give/drop | 3 |
| Minimap ping | 3 |
| Esc | 1 |

| Wisp | 20 | 1200 | / | 0 |
| Archer | 4 | 520 | / | 40 |
| Huntress | 3 | 585 | / | 60 |
| total: | 27 | 2305g | / | 100w |
| Ancient Protector | 1 | 135 | / | 80 |
| Altar of Elders | 1 | 180 | / | 50 |
| Moon Well | 5 | 900 | / | 200 |
| Ancient of War | 1 | 150 | / | 60 |
| Hunter's Hall | 1 | 210 | / | 100 |
| Ancient of Wonders | 1 | 90 | / | 30 |
| Tree of Life | 5 | 1700 | / | 925 |
| Tree of Ages | 1 | 320 | / | 180 |
| total: | 15 | 3365g | / | 1445w |
| 0:03 | Wisp |
| 0:03 | Wisp |
| 0:08 | Altar of Elders |
| 0:17 | Wisp |
| 0:20 | Moon Well |
| 0:32 | Wisp |
| 0:43 | Ancient of War |
| 0:54 | Wisp |
| 1:05 | Wisp |
| 1:29 | Wisp |
| 1:30 | Wisp |
| 1:36 | Moon Well |
| 1:39 | Wisp |
| 1:45 | Archer |
| 2:15 | Force of Nature |
| 2:27 | Wisp |
| 2:27 | Wisp |
| 2:29 | Archer |
| 2:39 | Hunter's Hall |
| 3:07 | Wisp |
| 3:07 | Wisp |
| 3:13 | Archer |
| 3:29 | Archer |
| 3:43 | Tree of Ages |
| 4:07 | Entangling Roots |
| 4:16 | Moon Well |
| 4:56 | Ancient of Wonders |
| 5:13 | Ancient Protector |
| 6:27 | Tree of Life |
| 6:54 | Tree of Life |
| 7:04 | Tree of Life |
| 7:18 | Huntress |
| 7:18 | Huntress |
| 7:52 | Huntress |
| 7:56 | Moon Well |
| 8:16 | Tree of Life |
| 9:27 | Tree of Life |
| 11:29 | Strength of the Wild |
| 11:29 | Reinforced Hides |
| 11:45 | Force of Nature |
| 14:12 | Wisp |
| 14:13 | Wisp |
| 14:13 | Wisp |
| 14:14 | Wisp |
| 14:14 | Wisp |
| 14:44 | Moon Well |
| 14:49 | Wisp |
| 14:49 | Wisp |
| Right click | 1062 |
| Select | 214 |
| Select group | 153 |
| Build/train/purchase | 50 |
| Use ability | 25 |
| Minimap ping | 20 |
| Assign group | 14 |
| Misc. action | 7 |
| Remove unit | 1 |



| Lesser Clarity Potion | 1 | 70 |
| Staff of Preservation | 1 | 150 |
| Potion of Healing | 1 | 150 |
| Scroll of Town Portal | 3 | 1050 |
| Dust of Appearance | 1 | 75 |
| total: | 7 | 1495g |
| Wisp | 26 | 1560 | / | 0 |
| Archer | 12 | 1560 | / | 120 |
| Chimaera | 12 | 3960 | / | 840 |
| total: | 50 | 7080g | / | 960w |
| Ancient Protector | 10 | 1350 | / | 800 |
| Altar of Elders | 1 | 180 | / | 50 |
| Moon Well | 7 | 1260 | / | 280 |
| Ancient of War | 1 | 150 | / | 60 |
| Tree of Life | 2 | 680 | / | 370 |
| Ancient of Wonders | 1 | 90 | / | 30 |
| Hunter's Hall | 1 | 210 | / | 100 |
| Chimaera Roost | 3 | 420 | / | 570 |
| Tree of Ages | 1 | 320 | / | 180 |
| Tree of Eternity | 1 | 330 | / | 200 |
| total: | 26 | 4340g | / | 2260w |
| 0:03 | Wisp |
| 0:04 | Wisp |
| 0:04 | Wisp |
| 0:08 | Altar of Elders |
| 0:11 | Wisp |
| 0:11 | Wisp |
| 0:21 | Moon Well |
| 0:39 | Wisp |
| 0:56 | Wisp |
| 1:01 | Ancient of War |
| 1:05 | Wisp |
| 1:15 | Wisp |
| 1:28 | Moon Well |
| 1:35 | Wisp |
| 1:48 | Moon Well |
| 2:02 | Archer |
| 2:10 | Archer |
| 2:32 | Force of Nature |
| 2:36 | Wisp |
| 2:36 | Wisp |
| 2:37 | Archer |
| 3:11 | Tree of Life |
| 3:26 | Archer |
| 3:40 | Entangling Roots |
| 3:54 | Tree of Ages |
| 4:08 | Ancient of Wonders |
| 4:16 | Archer |
| 4:42 | Archer |
| 4:45 | Hunter's Hall |
| 5:31 | Archer |
| 6:04 | Force of Nature |
| 6:10 | Archer |
| 6:13 | Wisp |
| 6:13 | Wisp |
| 6:13 | Wisp |
| 6:13 | Wisp |
| 6:13 | Wisp |
| 6:46 | Tree of Eternity |
| 6:50 | Improved Bows |
| 7:31 | Strength of the Wild |
| 7:33 | Wisp |
| 7:33 | Wisp |
| 7:33 | Wisp |
| 7:34 | Wisp |
| 7:57 | Archer |
| 7:57 | Archer |
| 8:28 | Moon Well |
| 8:30 | Moon Well |
| 8:33 | Moon Well |
| 8:38 | Lesser Clarity Potion |
| 8:42 | Staff of Preservation |
| 8:48 | Improved Strength of the Wild |
| 9:05 | Archer |
| 9:05 | Archer |
| 9:47 | Trueshot Aura |
| 9:51 | Chimaera Roost |
| 9:52 | Chimaera Roost |
| 9:54 | Chimaera Roost |
| 9:56 | Well Spring |
| 10:37 | Scroll of Town Portal |
| 10:38 | Potion of Healing |
| 10:45 | Advanced Strength of the Wild |
| 11:21 | Chimaera |
| 11:38 | Entangling Roots |
| 11:45 | Chimaera |
| 11:46 | Chimaera |
| 11:46 | Chimaera |
| 12:16 | Reinforced Hides |
| 12:25 | Nature's Blessing |
| 12:41 | Chimaera |
| 13:02 | Chimaera |
| 13:09 | Chimaera |
| 13:25 | Improved Reinforced Hides |
| 13:59 | Corrosive Breath |
| 14:04 | Ancient Protector |
| 14:08 | Ancient Protector |
| 14:31 | Ultravision |
| 14:42 | Silence |
| 14:51 | Advanced Reinforced Hides |
| 15:14 | Searing Arrows |
| 15:52 | Ancient Protector |
| 15:54 | Ancient Protector |
| 15:55 | Ancient Protector |
| 16:36 | Scroll of Town Portal |
| 17:39 | Ancient Protector |
| 17:39 | Ancient Protector |
| 17:40 | Ancient Protector |
| 17:42 | Ancient Protector |
| 17:43 | Ancient Protector |
| 17:44 | Wisp |
| 17:44 | Wisp |
| 17:44 | Wisp |
| 17:44 | Wisp |
| 17:44 | Wisp |
| 18:12 | Force of Nature |
| 18:31 | Chimaera |
| 18:38 | Trueshot Aura |
| 18:40 | Chimaera |
| 18:40 | Chimaera |
| 18:56 | Searing Arrows |
| 19:13 | Chimaera |
| 19:22 | Dust of Appearance |
| 19:35 | Tree of Life |
| 19:42 | Moon Well |
| 20:07 | Scroll of Town Portal |
| 20:36 | Chimaera |
| Right click | 1393 |
| Select group | 950 |
| Assign group | 506 |
| Select | 271 |
| Build/train/purchase | 90 |
| Chat | 58 |
| Use ability | 50 |
| Resource trade | 9 |
| Misc. action | 7 |
| Minimap ping | 4 |
| Item give/drop | 1 |


| Rod of Necromancy | 4 | 600 |
| Ritual Dagger | 1 | 125 |
| Potion of Mana | 1 | 200 |
| Potion of Healing | 2 | 300 |
| Lesser Clarity Potion | 1 | 70 |
| Scroll of Town Portal | 2 | 700 |
| total: | 11 | 1995g |
| Acolyte | 14 | 1050 | / | 0 |
| Ghoul | 3 | 360 | / | 0 |
| Crypt Fiend | 16 | 3440 | / | 640 |
| total: | 33 | 4850g | / | 640w |
| Spirit Tower | 1 | 145 | / | 40 |
| Crypt | 1 | 200 | / | 50 |
| Graveyard | 1 | 215 | / | 0 |
| Ziggurat | 4 | 600 | / | 200 |
| Altar of Darkness | 1 | 180 | / | 50 |
| Tomb of Relics | 1 | 130 | / | 30 |
| Sacrificial Pit | 1 | 75 | / | 150 |
| Halls of the Dead | 1 | 320 | / | 210 |
| Black Citadel | 1 | 325 | / | 230 |
| total: | 9 | 1400g | / | 480w |
| 0:06 | Acolyte |
| 0:06 | Acolyte |
| 0:31 | Crypt |
| 0:34 | Graveyard |
| 0:45 | Ziggurat |
| 1:09 | Altar of Darkness |
| 1:14 | Tomb of Relics |
| 1:35 | Ghoul |
| 1:40 | Ziggurat |
| 1:54 | Ghoul |
| 2:14 | Crypt Fiend |
| 2:37 | Crypt Fiend |
| 3:10 | Rod of Necromancy |
| 3:10 | Rod of Necromancy |
| 3:19 | Crypt Fiend |
| 3:35 | Death Coil |
| 3:36 | Death Coil |
| 3:39 | Ghoul |
| 3:42 | Crypt Fiend |
| 4:12 | Ziggurat |
| 4:21 | Halls of the Dead |
| 4:46 | Creature Attack |
| 4:56 | Unholy Aura |
| 5:48 | Crypt Fiend |
| 6:06 | Creature Carapace |
| 6:06 | Improved Creature Carapace |
| 6:16 | Death Coil |
| 6:54 | Crypt Fiend |
| 7:02 | Crypt Fiend |
| 7:11 | Crypt Fiend |
| 7:12 | Burrow |
| 7:34 | Acolyte |
| 7:34 | Acolyte |
| 7:35 | Acolyte |
| 7:45 | Ritual Dagger |
| 7:45 | Rod of Necromancy |
| 7:59 | Scroll of Town Portal |
| 7:59 | Scroll of Town Portal |
| 8:19 | Frost Nova |
| 8:21 | Ziggurat |
| 9:04 | Web |
| 9:22 | Sacrificial Pit |
| 9:34 | Rod of Necromancy |
| 9:34 | Potion of Mana |
| 9:40 | Crypt Fiend |
| 9:45 | Potion of Healing |
| 10:17 | Spirit Tower |
| 10:59 | Crypt Fiend |
| 10:59 | Crypt Fiend |
| 11:15 | Acolyte |
| 11:38 | Crypt Fiend |
| 11:39 | Acolyte |
| 11:51 | Acolyte |
| 12:02 | Crypt Fiend |
| 12:11 | Black Citadel |
| 12:53 | Crypt Fiend |
| 13:12 | Potion of Healing |
| 13:16 | Crypt Fiend |
| 13:24 | Crypt Fiend |
| 13:40 | Acolyte |
| 14:06 | Acolyte |
| 14:06 | Acolyte |
| 14:33 | Acolyte |
| 14:33 | Acolyte |
| 14:33 | Acolyte |
| 15:04 | Lesser Clarity Potion |
| Select group | 837 |
| Right click | 741 |
| Select | 356 |
| Build/train/purchase | 106 |
| Misc. action | 72 |
| Use ability | 45 |
| Assign group | 38 |
| Minimap ping | 17 |
| Resource trade | 12 |
| Esc | 6 |
| Item give/drop | 1 |
| Remove unit | 1 |
⇛